 Dungeon Crawl Stone Soup version 0.17-a0-1842-gacc33f2 (webtiles) character file.

954 wvc the Spear-Bearer (level 8, -5/38 HPs)
             Began as a Vine Stalker Warper on Sept 17, 2015.
             Was an Initiate of Okawaru.
             Slain by a gnoll
             ... wielding a +0 spear
              (6 damage)
             ... on level 5 of the Dungeon.
             The game lasted 00:10:51 (4404 turns).

wvc the Spear-Bearer (Vine Stalker Warper)          Turns: 4404, Time: 00:10:51

Health: -5/38      AC:  8    Str: 14    XL:     8   Next: 14%
Magic:  0/12       EV:  5    Int: 15    God:    Okawaru [......]
Gold:   390        SH:  4    Dex: 14    Spells: 2 memorised, 8 levels left

rFire  . . .     SeeInvis .     a - +2 spear
rCold  . . .     Clarity  .     v - +0 ring mail {rPois}
rNeg   . . .     SustAt   .     r - +0 buckler
rPois  +         Gourm    .     i - +1 helmet
rElec  .         Spirit   +     j - +0 cloak
rCorr  .         Warding  .     (no gloves)
rMut   .         Stasis   .     (no boots)
MR     +....                    (no amulet)
Stlth  ++........               (no ring)
                                D - ring of stealth

@: somewhat resistant to hostile enchantments, unstealthy
A: fangs 3, regeneration 2, magic shield, antimagic bite, no device heal 3, rot
immunity
a: Renounce Religion


You were on level 5 of the Dungeon.
You worshipped Okawaru.
Okawaru was noncommittal.
You were not hungry.

You visited 2 branches of the dungeon, and saw 6 of its levels.

You collected 390 gold pieces.

Inventory:

Hand weapons
 a - a +2 spear (weapon)
 o - a +0 halberd
 B - a +0 trident
Missiles
 e - 5 tomahawks of dispersal (quivered)
Armour
 i - a +1 helmet (worn)
 j - a +0 cloak (worn)
 r - a +0 buckler (worn)
 v - a +0 ring mail of poison resistance (worn)
Magical staves
 x - an uncursed staff of fire
Jewellery
 D - a ring of stealth (left hand)
Scrolls
 d - 2 scrolls of blinking
 n - 2 scrolls of enchant armour
 u - a scroll of remove curse
 y - a scroll of enchant weapon
 E - a scroll of immolation
Potions
 b - a potion of haste
 g - a potion of cancellation {unknown}
 k - a potion of might {unknown}
 l - a potion of cure mutation {unknown}
 m - 2 potions of curing
 q - 2 potions of heal wounds
 s - a potion of poison {unknown}
 t - a potion of lignification {unknown}
 w - 2 potions of resistance {unknown}
 A - 3 potions of flight
Books
 c - a book of Spatial Translocations

   Spells                             Type                      Level
   a - Apportation                    Translocation                1
   b - Blink                          Translocation                2
   c - Shroud of Golubria             Charms/Translocation         2
   d - Portal Projectile              Translocation                3
   e - Teleport Other                 Translocation                3
   f - Passage of Golubria            Translocation                4
Comestibles
 f - 7 bread rations
 h - 2 fruits
 p - 5 meat rations


   Skills:
 - Level 1.7 Fighting
 * Level 8.2 Polearms
 - Level 0.8 Throwing
 - Level 0.7 Armour
 - Level 1.5 Dodging
 + Level 2.0 Shields
 - Level 2.1 Spellcasting
 - Level 3.0 Translocations


You had 8 spell levels left.
You knew the following spells:

 Your Spells              Type           Power        Failure   Level  Hunger
a - Apportation           Tloc           ##........   17%         1    #......
b - Blink                 Tloc           N/A          28%         2    ###....


Dungeon Overview and Level Annotations

Branches:
Dungeon (5/15)             Temple (1/1) D:4

Altars:
Ashenzari
Cheibriados
Dithmenos
Elyvilon
Gozag
Makhleb
Nemelex Xobeh
Okawaru
Qazlal
Ru
Sif Muna
Trog
Vehumet
Yredelemnul
The Shining One

Annotations:
D:3 kae's ghost, average NaFi


Innate Abilities, Weirdness & Mutations

You have razor-sharp teeth.
You heal very quickly.
When hurt, damage is shared between your health and your magic reserves.
Your bite disrupts and absorbs the magic of your enemies.
Potions and wands cannot restore your health.
You are immune to rotting.


Message History

Aim: a gnoll sergeant, wielding a trident of freezing and wearing a scale mail (moderately wounded)
You reach to attack!
You closely miss the gnoll sergeant.
The gnoll sergeant is moderately wounded.
The gnoll hits you but does no damage.
The gnoll sergeant hits you from afar with a trident of freezing.
The gnoll sergeant freezes you.
You see here 17 stones.
There is a stone staircase leading up here.
The gnoll sergeant hits you from afar with a trident of freezing!
The gnoll sergeant freezes you.
The gnoll sergeant hits you with a trident of freezing!
The gnoll sergeant freezes you.
* * * LOW HITPOINT WARNING * * *
There is a stone staircase leading up here.
The gnoll sergeant hits you with a trident of freezing!
* * * LOW HITPOINT WARNING * * *
The gnoll sergeant freezes you.
* * * LOW HITPOINT WARNING * * *
The gnoll hits you with a spear.
You die...

........##.#.##...## #.# #..#
........##.#.......# #.# #..#
........##.#.##....## #.# #..#
......####.#.##.....#####.####g.#
..#...# #.#.###.#........g..gg.#
.###..# #.#.##.###.....#.#######
..#.#.####.#.#...#.####.#g##..#E#
....#......#.#.#.g.# #.#(##..###
..##########.#.#@#.# #.#.##>....
.#### #####.#.#g#.####.#.##.....
....# #.............g....##.....
###.# #.###............####..###
#.# #.####...######..#####.#E#
#.# #......................###
#.####.########################
#.##.....# #..)..# #..
###.##.###.# ###.8.8.####.#


You could see a gnoll sergeant and a gnoll.

Vanquished Creatures
  An ice beast (D:5)
  A phantom (D:4)
  An ogre (D:5)
  2 scorpions (D:5)
  2 crimson imps
  A hound (D:4)
  2 iguanas (D:4)
  A jelly (D:5)
  An orc wizard (D:4)
  5 worker ants (D:4)
  A centaur skeleton (D:5)
  An orc priest (D:3)
  4 adders
  3 gnolls (D:5)
  2 shadow imps (D:5)
  An adder skeleton (D:4)
  A worm (D:4)
  12 orcs
  3 ball pythons
  9 hobgoblins
  13 jackals
  2 quokkas (D:4)
  7 bats
  4 giant cockroaches
  4 giant geckos
  5 giant newts
  8 goblins
  3 kobolds (D:3)
  7 rats
  A spectral orc (D:5)
108 creatures vanquished.

Notes
Turn   | Place    | Note
--------------------------------------------------------------
     0 | D:1      | wvc the Vine Stalker Warper began the quest for the Orb.
     0 | D:1      | Reached XP level 1. HP: 11/11 MP: 4/4
   168 | D:1      | Reached XP level 2. HP: 15/15 MP: 6/6
   563 | D:1      | Reached XP level 3. HP: 18/18 MP: 7/7
  1654 | D:3      | Reached XP level 4. HP: 23/23 MP: 8/8
  1659 | D:3      | Reached skill level 4 in Polearms
  1727 | D:3      | Noticed kae's ghost (average NaFi)
  2163 | D:4      | Reached XP level 5. HP: 10/26 MP: 4/9
  2416 | D:4      | Reached skill level 5 in Polearms
  2508 | D:4      | Found a staircase to the Ecumenical Temple.
  2623 | D:4      | Learned a level 2 spell: Blink
  2706 | D:4      | Gained mutation: You heal very quickly. [Vine Stalker growth]
  2706 | D:4      | Reached XP level 6. HP: 30/30 MP: 10/10
  2865 | D:4      | Reached skill level 6 in Polearms
  2979 | D:5      | Entered Level 5 of the Dungeon
  3007 | D:4      | Reached skill level 1 in Shields
  3025 | D:4      | Reached XP level 7. HP: 26/34 MP: 11/11
  3215 | D:5      | Reached skill level 7 in Polearms
  3252 | D:5      | Found a burning altar of Makhleb.
  3380 | Temple   | Entered the Ecumenical Temple
  3591 | Temple   | Became a worshipper of Warmaster Okawaru
  4023 | D:5      | Gained mutation: You have razor-sharp teeth. [Vine Stalker growth]
  4023 | D:5      | Reached XP level 8. HP: 36/38 MP: 12/12
  4069 | D:5      | Reached skill level 8 in Polearms
  4115 | D:5      | Found a stormy altar of Qazlal.
  4116 | D:5      | Noticed a water elemental
  4125 | D:5      | Noticed a fire elemental
  4125 | D:5      | Noticed an air elemental
  4142 | D:5      | Found a radiant altar of Vehumet.
  4299 | D:5      | Found a basalt altar of Yredelemnul.
  4404 | D:5      | HP: 1/38 [gnoll sergeant/trident of freezing (3)]
  4404 | D:5      | Slain by a gnoll

Vault maps used:
D:1:      dpeg_arrival_connections
D:2:      first_bread
D:3:      corexii_shack
D:4:      minmay_temple_entry_from_below_a, serial_bayou_pond_e,
          minmay_misc_feat_iff
D:5:      yredelemnul_forgotten_temple_becter, kennysheep_little_box,
          nicolae_qazlal_style_of_elements, basic_altar, lightli_minifort
Temple:   chambers_temple_12

Action                   |  1- 3 |  4- 6 |  7- 9 || total
-------------------------+-------+-------+-------++-------
Melee: Spear             |   138 |   213 |   200 ||   551
  Use: Scroll            |       |    15 |     3 ||    18
 Stab: Distracted        |     1 |     1 |       ||     2
       Sleeping          |     1 |       |     2 ||     3
  Eat: Chunk             |     2 |     3 |     1 ||     6
       Fruit             |       |     3 |       ||     3
       Beef jerky        |       |       |     2 ||     2
